 Dungeon Crawl Stone Soup version 0.23.2-40-g277498a001 (webtiles) character file.

Game seed: 178165241042605776

3531 Emblim88 the Magician (level 10, -18/77 HPs)
             Began as a Gnoll Skald on Oct 7, 2019.
             Was an Initiate of Ru.
             Demolished by a phantasmal warrior (24 damage)
             ... led by a death knight
             ... on level 8 of the Dungeon.
             The game lasted 00:27:46 (6375 turns).

Emblim88 the Magician (Gnoll Skald)                 Turns: 6375, Time: 00:27:46

Health: -18/77     AC: 11    Str:  9    XL:     10   Next: 8%
Magic:  0/29       EV: 16    Int: 15    God:    Ru [......]
Gold:   254        SH:  0    Dex: 18    Spells: 12/23 levels left

rFire    . . .     SeeInvis .   t - +7 quarterstaff "Orb Guardian's Bane" {freeze, +Inv rPois rC+ Str-5}
rCold    + . .     Gourm    .   (shield currently unavailable)
rNeg     . . .     Faith    .   b - +0 leather armour
rPois    +         Spirit   +   (no helmet)
rElec    .         Reflect  .   (no cloak)
rCorr    .         Harm     .   v - +0 pair of gloves
MR       .....                  z - +0 pair of boots
Stlth    +++.......             p - amulet of guardian spirit
HPRegen  0.22/turn              c - +5 ring of protection
MPRegen  0.21/turn              m - ring of magical power

@: vulnerable, infused, singing, hasted, very quick
A: distributed training, fangs 1, strong nose
a: Sacrifice Artifice, Sacrifice Love, Sacrifice Drink, Reject Sacrifices,
Renounce Religion, Evoke Invisibility


You were on level 8 of the Dungeon.
You worshipped Ru.
Ru was noncommittal.
You were hungry.

You visited 2 branches of the dungeon, and saw 9 of its levels.

You collected 254 gold pieces.

Inventory:

Hand Weapons
 t - the +7 quarterstaff "Orb Guardian's Bane" (weapon) {freeze, +Inv rPois rC+ Str-5}
   (You found it on level 4 of the Dungeon)

   It has been specially enchanted to freeze those struck by it, causing extra
   injury to most foes and up to half again as much damage against particularly
   susceptible opponents.
   It can also slow down cold-blooded creatures.
   It affects your strength (-5).
   It protects you from cold.
   It protects you from poison.
   It lets you turn invisible.
 w - a +3 great sword
 H - a +3 hunting sling of freezing
Missiles
 x - 20 poisoned needles
 E - 130 stones
 G - 64 sling bullets (quivered)
Armour
 b - a +0 leather armour (worn)
 v - a +0 pair of gloves (worn)
 z - a +0 pair of boots (worn)
Jewellery
 c - a +5 ring of protection (left hand)
 m - a ring of magical power (right hand)
 p - an amulet of guardian spirit (around neck)
 r - an uncursed amulet of the gourmand {unknown}
Wands
 a - a wand of scattershot (7)
 l - a wand of disintegration (20)
 s - a wand of flame (17)
 y - a wand of acid (4)
 L - a wand of random effects (22)
 N - a wand of digging (2)
Scrolls
 f - a scroll of blinking
 h - 4 scrolls of remove curse
 j - a scroll of magic mapping
 n - 5 scrolls of fog
 o - a scroll of teleportation
 D - a scroll of amnesia
 I - a scroll of noise {unknown}
 K - a scroll of immolation
 P - a scroll of enchant armour {unknown}
Potions
 g - 2 potions of lignification
 i - a potion of flight
 k - a potion of cancellation
 q - 2 potions of curing
 A - a potion of degeneration
 B - a potion of brilliance
 C - 3 potions of mutation
 F - a potion of berserk rage
 J - 2 potions of might {unknown}
 O - a potion of agility {unknown}
Comestibles
 d - 13 rations


   Skills:
 + Level 6.7 Fighting
 + Level 4.8 Short Blades
 + Level 6.7 Long Blades
 + Level 4.8 Axes
 + Level 4.8 Maces & Flails
 + Level 4.8 Polearms
 + Level 4.8 Staves
 + Level 4.8 Slings
 + Level 4.8 Bows
 + Level 4.8 Crossbows
 + Level 4.8 Throwing
 + Level 5.5 Armour
 + Level 6.7 Dodging
 + Level 4.8 Stealth
 + Level 4.8 Shields
 + Level 4.8 Unarmed Combat
 + Level 7.0 Spellcasting
 + Level 4.0 Conjurations
 + Level 4.0 Hexes
 + Level 6.8 Charms
 + Level 4.0 Summonings
 + Level 4.0 Necromancy
 + Level 4.0 Translocations
 + Level 4.0 Transmutations
 + Level 4.0 Fire Magic
 + Level 4.0 Ice Magic
 + Level 4.0 Air Magic
 + Level 4.0 Earth Magic
 + Level 4.0 Poison Magic
 + Level 5.3 Invocations
 + Level 4.8 Evocations


You had 12 spell levels left.
You knew the following spells:

 Your Spells              Type           Power        Failure   Level  Hunger
a - Infusion              Chrm           ####         1%          1    None
b - Song of Slaying       Chrm           ####....     1%          2    None
c - Shroud of Golubria    Chrm/Tloc      ###.......   2%          2    None
d - Spectral Weapon       Hex/Chrm       ###.....     5%          3    ##.....
e - Regeneration          Chrm/Necr      ###.......   5%          3    ##.....

Your spell library contained the following spells:

 Spells                   Type           Power        Failure   Level  Hunger


Dungeon Overview and Level Annotations

Branches:
Dungeon (8/15)             Temple (1/1) D:4
   Lair: D:8-11

Altars:
Cheibriados
Dithmenos
Elyvilon
Fedhas
Gozag
Hepliaklqana
Kikubaaqudgha
Nemelex Xobeh
Okawaru
Qazlal
Ru
Sif Muna
Trog
Uskayaw
Vehumet
Wu Jian
Yredelemnul
Zin
The Shining One

Shops:
D:7 (


Innate Abilities, Weirdness & Mutations

Your experience applies equally to all skills.
You have very sharp teeth.
Your uncanny sense of smell can sniff out nearby items.


Message History

The phantasmal warrior hits you!
Your magical defenses are stripped away!
The freezing wraith misses you. x2
The death knight hits you with a +0 great sword!
* * * LOW HITPOINT WARNING * * *
The phantasmal warrior completely misses you.
You feel yourself speed up. The freezing wraith hits you!
* * * LOW HITPOINT WARNING * * *
The freezing wraith freezes you. You resist.
* * * LOW HITPOINT WARNING * * *
The freezing wraith completely misses you.
The phantasmal warrior closely misses you.
The phantasmal warrior blinks!
The phantasmal warrior blinks!
The death knight offers itself to Yredelemnul, and fills with unholy energy.
The phantasmal warrior blinks!
The death knight calls down the wrath of Yredelemnul upon you.
Your body is wracked with pain!
You barely miss the phantasmal warrior. The phantasmal warrior hits you!!
You die...

##############
###########............#
##..ยง...@W...##########.#
##p#.########## #.#
##.###.## #.# ##p##
##.########### #.# #W##
##..........#### #.# #..##
##.#########....# #.#
#W#.###.## ####.# #.#
#.##W#.##### #.# #.#
#..........# ##.## #..


You could see a death knight and a phantasmal warrior.

Vanquished Creatures
  Joseph (D:7)
  Maurice (D:8)
  4 hogs (D:7)
  A human (D:7)
  An ice beast (D:7)
  3 sky beasts
  An eye of draining (D:8)
  2 black bears
  A phantom (D:6)
  2 ogres
  2 centaurs
  4 bullfrogs
  5 wights (D:4)
  2 crimson imps
  A bullfrog zombie (D:8)
  A hound (D:5)
  A bullfrog skeleton (D:4)
  A jelly (D:5)
  An orc priest (D:8)
  3 orc wizards (D:5)
  2 iguanas
  4 worker ants
  6 adders
  2 oozes
  An adder skeleton (D:4)
  2 worms (D:2)
  6 dart slugs
  3 leopard geckos
  30 orcs
  3 giant cockroaches
  11 goblins
  6 hobgoblins
  2 quokkas
  A ball python (D:2)
  6 bats
  2 frilled lizards
  8 kobolds
  8 rats
  A toadstool (D:1)
142 creatures vanquished.

Vanquished Creatures (others)
  3 toadstools (D:1)
3 creatures vanquished.

Grand Total: 145 creatures vanquished

Notes
Turn   | Place    | Note
-------+----------+-------------------------------------------
     0 | D:1      | Emblim88 the Gnoll Skald began the quest for the Orb.
     0 | D:1      | Reached XP level 1. HP: 20/20 MP: 6/6
   108 | D:1      | Reached XP level 2. HP: 26/26 MP: 7/7
   127 | D:1      | Learned a level 2 spell: Song of Slaying
   741 | D:2      | Learned a level 2 spell: Shroud of Golubria
   789 | D:2      | Noticed a crimson imp
   808 | D:2      | Killed a crimson imp
   808 | D:2      | Reached skill level 1 in Short Blades
   808 | D:2      | Reached skill level 1 in Axes
   808 | D:2      | Reached skill level 1 in Maces & Flails
   808 | D:2      | Reached skill level 1 in Polearms
   808 | D:2      | Reached skill level 1 in Staves
   808 | D:2      | Reached skill level 1 in Slings
   808 | D:2      | Reached skill level 1 in Bows
   808 | D:2      | Reached skill level 1 in Crossbows
   808 | D:2      | Reached skill level 1 in Throwing
   808 | D:2      | Reached skill level 1 in Stealth
   808 | D:2      | Reached skill level 1 in Shields
   808 | D:2      | Reached skill level 1 in Unarmed Combat
   808 | D:2      | Reached skill level 5 in Spellcasting
   808 | D:2      | Reached skill level 1 in Invocations
   808 | D:2      | Reached skill level 1 in Evocations
   808 | D:2      | Reached XP level 3. HP: 26/31 MP: 1/9
   847 | D:2      | Reached XP level 4. HP: 36/38 MP: 7/11
  1446 | D:2      | Learned a level 3 spell: Spectral Weapon
  1450 | D:2      | Learned a level 3 spell: Regeneration
  1492 | D:3      | Reached skill level 1 in Conjurations
  1492 | D:3      | Reached skill level 1 in Hexes
  1492 | D:3      | Reached skill level 1 in Summonings
  1492 | D:3      | Reached skill level 1 in Necromancy
  1492 | D:3      | Reached skill level 1 in Translocations
  1492 | D:3      | Reached skill level 1 in Transmutations
  1492 | D:3      | Reached skill level 1 in Fire Magic
  1492 | D:3      | Reached skill level 1 in Ice Magic
  1492 | D:3      | Reached skill level 1 in Air Magic
  1492 | D:3      | Reached skill level 1 in Earth Magic
  1492 | D:3      | Reached skill level 1 in Poison Magic
  1608 | D:3      | Reached XP level 5. HP: 40/43 MP: 12/12
  2154 | D:4      | Found a glowing golden altar of the Shining One.
  2202 | D:4      | Got a fine quarterstaff
  2259 | D:4      | Identified the +7 quarterstaff "Orb Guardian's Bane"
                  | {freeze, +Inv rPois rC+ Str-5} (You found it on level 4 of
                  | the Dungeon)
  2336 | D:4      | Reached XP level 6. HP: 42/50 MP: 13/13
  2354 | D:4      | Reached skill level 5 in Fighting
  2354 | D:4      | Reached skill level 5 in Long Blades
  2354 | D:4      | Reached skill level 5 in Dodging
  2678 | D:4      | Found a bloodstained altar of Trog.
  2681 | D:4      | Found a sparkling altar of Nemelex Xobeh.
  2682 | D:4      | Found an iron altar of Okawaru.
  2759 | D:4      | Found a staircase to the Ecumenical Temple.
  2765 | Temple   | Entered the Ecumenical Temple
  2960 | Temple   | Became a worshipper of Ru the Awakened
  3026 | D:5      | Entered Level 5 of the Dungeon
  3078 | D:5      | Found a radiant altar of Vehumet.
  3102 | D:5      | Reached XP level 7. HP: 54/56 MP: 15/15
  3242 | D:5      | Reached XP level 8. HP: 20/63 MP: 10/16
  4046 | D:6      | Reached skill level 6 in Spellcasting
  4366 | D:7      | Reached XP level 9. HP: 17/69 MP: 4/18
  4859 | D:7      | Noticed Joseph
  4875 | D:7      | Killed Joseph
  4875 | D:7      | Reached skill level 5 in Armour
  5122 | D:7      | Found a bloodstained altar of Trog.
  5304 | D:7      | Found a bloodstained altar of Trog.
  5379 | D:7      | Found Kafyo's Antique Weapon Shoppe.
  5754 | D:8      | Noticed Maurice
  5764 | D:8      | Killed Maurice
  5764 | D:8      | Reached skill level 5 in Invocations
  5824 | D:8      | Reached XP level 10. HP: 64/77 MP: 20/20
  5891 | D:8      | Reached skill level 7 in Spellcasting
  6009 | D:8      | Noticed a death knight
  6015 | D:8      | Noticed a phantasmal warrior
  6375 | D:8      | Demolished by a phantasmal warrior

Skill      XL: |  1  2  3  4  5  6  7  8  9 10 |
---------------+-------------------------------+-----
Short Blades   | 1 2 3 4 |  4.8
Axes           | 1 2 3 4 |  4.8
Maces & Flails | 1 2 3 4 |  4.8
Polearms       | 1 2 3 4 |  4.8
Staves         | 1 2 3 4 |  4.8
Slings         | 1 2 3 4 |  4.8
Bows           | 1 2 3 4 |  4.8
Crossbows      | 1 2 3 4 |  4.8
Throwing       | 1 2 3 4 |  4.8
Stealth        | 1 2 3 4 |  4.8
Shields        | 1 2 3 4 |  4.8
Unarmed Combat | 1 2 3 4 |  4.8
Spellcasting   | 5 6 7 |  7.0
Invocations    | 1 2 3 4 5 |  5.3
Evocations     | 1 2 3 4 |  4.8
Conjurations   | 1 2 3 4 |  4.0
Hexes          | 1 2 3 4 |  4.0
Summonings     | 1 2 3 4 |  4.0
Necromancy     | 1 2 3 4 |  4.0
Translocations | 1 2 3 4 |  4.0
Transmutations | 1 2 3 4 |  4.0
Fire Magic     | 1 2 3 4 |  4.0
Ice Magic      | 1 2 3 4 |  4.0
Air Magic      | 1 2 3 4 |  4.0
Earth Magic    | 1 2 3 4 |  4.0
Poison Magic   | 1 2 3 4 |  4.0
Armour         | 3 4 5 |  5.5
Fighting       | 5 6 |  6.7
Long Blades    | 5 6 |  6.7
Dodging        | 5 6 |  6.7
Charms         | 6 |  6.8

Action                   |  1- 3 |  4- 6 |  7- 9 | 10-12 || total
-------------------------+-------+-------+-------+-------++-------
Melee: Falchion          |    67 |    98 |       |       ||   165
       Bite              |     8 |    21 |    21 |     7 ||    57
       Quarterstaff      |       |    72 |   185 |    50 ||   307
       Punch             |       |     1 |       |       ||     1
       Great sword       |       |       |    18 |       ||    18
 Fire: Hunting sling     |       |       |    13 |       ||    13
 Cast: Infusion          |     1 |     1 |     2 |     2 ||     6
       Shroud of Golubri |       |     1 |     1 |     1 ||     3
       Spectral Weapon   |       |     1 |       |       ||     1
       Song of Slaying   |       |       |     1 |     1 ||     2
Evoke: Wand              |       |       |     1 |       ||     1
  Use: Scroll            |       |     1 |    12 |     1 ||    14
       Potion            |       |       |     7 |     3 ||    10
 Stab: Sleeping          |     2 |     3 |     4 |     2 ||    11
  Eat: Chunk             |       |     3 |     3 |     1 ||     7
       Ration            |       |     1 |     2 |       ||     3
Armor: Leather armour    |    20 |    40 |    62 |     7 ||   129
       Skin              |       |       |     8 |       ||     8
Dodge: Dodged            |    45 |   113 |   174 |    36 ||   368
       Rpst.: Falchion   |    19 |    28 |       |       ||    47
       Great sword       |       |       |     7 |       ||     7
